 Dungeon Crawl Stone Soup version 0.24.1-14-gf8d2b509d9 (console) character file.

Game seed: 1765501758445563804, levelgen mode: deterministic

76 Kagalorn the Magician (level 4, -1/57 HPs)
             Began as a Gnoll Wanderer on Mar 1, 2021.
             Killed from afar by a white imp (4 damage)
             ... with a puff of frost
             ... summoned by Natasha
             ... on level 3 of the Dungeon.
             The game lasted 00:05:25 (2409 turns).

Kagalorn the Magician (Gnoll Wanderer)              Turns: 2409, Time: 00:05:27

Health: -1/57      AC: 22    Str: 14    XL:     4   Next: 32%
Magic:  11/11      EV:  2    Int: 15    God:
Gold:   101        SH:  4    Dex: 15    Spells: 12/13 levels left

rFire    . . .     SeeInvis .   a - +0 short sword
rCold    . . .     Gourm    .   m - +0 buckler
rNeg     + + +     Faith    .   (armour currently unavailable)
rPois    +         Spirit   .   (helmet currently unavailable)
rElec    .         Reflect  .   (cloak currently unavailable)
rCorr    .         Harm     .   (gloves currently unavailable)
MR       .....     NoTele   +   (boots currently unavailable)
Stlth    ++........             (no amulet)
HPRegen  0.19/turn              (no ring)
MPRegen  0.12/turn              (no ring)

@: tree-form, slowed, very slow
A: distributed training, strong nose
a: no special abilities


You were on level 3 of the Dungeon.
You were not hungry.
You were a tree.
You visited 1 branch of the dungeon, and saw 3 of its levels.

You collected 101 gold pieces.

Inventory:

Hand Weapons
 a - a +0 short sword (weapon)
 b - a +0 hand crossbow
Missiles
 c - 132 stones (quivered)
 d - 60 bolts
 e - 33 sling bullets
Armour
 m - a +0 buckler (worn)
 n - a +0 helmet (melded)
 p - a +0 pair of boots (melded)
 q - a cursed +0 scale mail (melded)
Scrolls
 g - 5 scrolls of identify {unknown}
 h - a scroll of fear {unknown}
 j - a scroll of fog {unknown}
 k - 2 scrolls of remove curse {unknown}
 r - 2 scrolls of magic mapping {unknown}
 s - a scroll of amnesia {unknown}
Potions
 i - a potion of flight {unknown}
 l - 2 potions of lignification
 o - a potion of cancellation {unknown}
Comestibles
 f - 4 rations


   Skills:
 + Level 4.6 Fighting
 + Level 1.1 Short Blades
 + Level 1.1 Long Blades
 + Level 1.1 Axes
 + Level 1.1 Maces & Flails
 + Level 1.1 Polearms
 + Level 1.1 Staves
 + Level 1.1 Slings
 + Level 1.1 Bows
 + Level 2.7 Crossbows
 + Level 1.1 Throwing
 + Level 1.1 Armour
 + Level 1.1 Dodging
 + Level 1.1 Stealth
 + Level 1.1 Shields
 + Level 1.1 Unarmed Combat
 + Level 5.0 Spellcasting
 + Level 0.8 Conjurations
 + Level 0.8 Hexes
 + Level 3.8 Charms
 + Level 0.8 Summonings
 + Level 0.8 Necromancy
 + Level 0.8 Translocations
 + Level 0.8 Transmutations
 + Level 0.8 Fire Magic
 + Level 2.2 Ice Magic
 + Level 0.8 Air Magic
 + Level 0.8 Earth Magic
 + Level 0.8 Poison Magic
 + Level 1.2 Invocations
 + Level 4.6 Evocations


You had 12 spell levels left.
You knew the following spells:

 Your Spells              Type           Power        Failure   Level  Hunger
a - Magic Dart            Conj           #...         17%         1    None

Your spell library contained the following spells:

 Spells                   Type           Power        Failure   Level  Hunger
 Flame Tongue             Conj/Fire      #....        17%         1    None
 Blink                    Tloc           N/A          26%         2    ##.....
 Call Imp                 Summ           #.......     26%         2    ##.....
 Slow                     Hex            #.......     26%         2    ##.....
 Conjure Flame            Conj/Fire      #.......     45%         3    ###....
 Inner Flame              Hex/Fire       #.......     45%         3    ###....
 Mephitic Cloud           Conj/Pois/Air  #.......     45%         3    ###....


Dungeon Overview and Level Annotations

Branches:
Dungeon (3/15)

Altars:

Annotations:
D:3 Natasha


Innate Abilities, Weirdness & Mutations

Your experience applies equally to all skills.
((You have very sharp teeth.))
Your uncanny sense of smell can sniff out nearby items.


Message History

Natasha is moderately wounded.
Natasha mumbles some strange words.
Natasha's front paws start to glow.
Natasha casts a spell.
You block Natasha's attack.
You aren't carrying any items that you can evoke.
It was a potion of lignification.
You turn into a tree.
Your +0 helmet melds into your body.
Your +0 pair of boots melds into your body.
Your cursed +0 scale mail melds into your body.
Your roots penetrate the ground.
Natasha claws you but does no damage. The white imp gestures at you.
The puff of frost hits you but does no damage.
You miss Natasha.
Natasha is moderately wounded.
Natasha stares at you and mumbles some strange words.
You feel as though you will be slow longer.
The white imp gestures at you. The puff of frost hits you.
You die...

## ##. ..
.#####.##########
.h.?...#...##...##
##h.........##
#♣...........#
#..5.....<...#
................#
#####..........##
##....#...##
####.##### ....
....# #...


You could see Natasha and a white imp.

Vanquished Creatures
  2 adders (D:2)
  3 worms
  2 ball pythons
  5 bats
  2 giant cockroaches (D:1)
  7 goblins
  2 hobgoblins (D:1)
  6 jackals (D:1)
  A quokka (D:2)
  6 frilled lizards
  8 kobolds
  7 rats
51 creatures vanquished.

Notes
Turn   | Place    | Note
-------+----------+-------------------------------------------
     0 | D:1      | Kagalorn the Gnoll Wanderer began the quest for the Orb.
     0 | D:1      | Kagalorn set off with the following items: a +0 hand
                  | crossbow, 26 bolts, a +0 robe, a ration; and the following
                  | spells available to memorise: Flame Tongue, Magic Dart,
                  | Blink, Call Imp, Slow, Conjure Flame, Inner Flame, Mephitic
                  | Cloud
     0 | D:1      | Reached XP level 1. HP: 20/20 MP: 6/6
   310 | D:1      | Learned a level 1 spell: Magic Dart
   564 | D:1      | Reached XP level 2. HP: 26/26 MP: 2/7
   872 | D:1      | Reached XP level 3. HP: 23/31 MP: 9/9
   955 | D:1      | Reached skill level 5 in Spellcasting
  1339 | D:2      | Reached skill level 1 in Invocations
  1453 | D:2      | Reached skill level 1 in Short Blades
  1453 | D:2      | Reached skill level 1 in Long Blades
  1453 | D:2      | Reached skill level 1 in Axes
  1453 | D:2      | Reached skill level 1 in Maces & Flails
  1453 | D:2      | Reached skill level 1 in Polearms
  1453 | D:2      | Reached skill level 1 in Staves
  1453 | D:2      | Reached skill level 1 in Slings
  1453 | D:2      | Reached skill level 1 in Bows
  1453 | D:2      | Reached skill level 1 in Throwing
  1453 | D:2      | Reached skill level 1 in Armour
  1453 | D:2      | Reached skill level 1 in Dodging
  1453 | D:2      | Reached skill level 1 in Stealth
  1453 | D:2      | Reached skill level 1 in Shields
  1453 | D:2      | Reached skill level 1 in Unarmed Combat
  1835 | D:2      | Reached XP level 4. HP: 38/38 MP: 11/11
  2391 | D:3      | Noticed Natasha
  2406 | D:3      | HP: 1/38 [Natasha/magic dart (6)]
  2409 | D:3      | Killed from afar by a white imp

Levels and vault maps discovered:
D:1:      kennysheep_arrival_forest, layout_loops_cross, skrybe_limestone_x
D:2:      layout_loops_ring
D:3:      layout_rooms, gammafunk_ghost_mausoleum, cheibrodos_gnoll_hut,
          uniq_natasha, uniq_crazy_yiuf_cottage

Skill      XL: |  1  2  3 |
---------------+----------+-----
Ice Magic      | 2 |  2.2
Spellcasting   | 5 |  5.0
Invocations    | 1 |  1.2
Short Blades   | 1 |  1.1
Long Blades    | 1 |  1.1
Axes           | 1 |  1.1
Maces & Flails | 1 |  1.1
Polearms       | 1 |  1.1
Staves         | 1 |  1.1
Slings         | 1 |  1.1
Bows           | 1 |  1.1
Throwing       | 1 |  1.1
Armour         | 1 |  1.1
Dodging        | 1 |  1.1
Stealth        | 1 |  1.1
Shields        | 1 |  1.1
Unarmed Combat | 1 |  1.1
Fighting       | |  4.6
Crossbows      | |  2.7
Conjurations   | |  0.8
Hexes          | |  0.8
Charms         | |  3.8
Summonings     | |  0.8
Necromancy     | |  0.8
Translocations | |  0.8
Transmutations | |  0.8
Fire Magic     | |  0.8
Air Magic      | |  0.8
Earth Magic    | |  0.8
Poison Magic   | |  0.8
Evocations     | |  4.6

Action                   |  1- 3 |  4- 6 || total
-------------------------+-------+-------++-------
Melee: Unarmed           |    23 |       ||    23
       Short sword       |   119 |    72 ||   191
       Bite              |    12 |    11 ||    23
 Cast: Magic Dart        |    36 |     1 ||    37
  Use: Potion            |       |     1 ||     1
 Stab: Sleeping          |     1 |       ||     1
  Eat: Chunk             |     3 |     2 ||     5
Armor: Robe              |    17 |       ||    17
       Scale mail        |    16 |    39 ||    55
       Skin              |       |     2 ||     2
Dodge: Dodged            |    72 |    35 ||   107
Block: Buckler           |     6 |    15 ||    21
